 Dungeon Crawl Stone Soup version 0.28-a0-1429-gf3d713df7a (webtiles) character file.

Game seed: 4959625608275571684

4267 croobank the Chopper (level 10, -7/126 HPs)
             Began as a Pale Draconian Transmuter on Jan 9, 2022.
             Was an Elder of Vehumet.
             Mangled by an orc knight (10 damage)
             ... in a bailey.
             The game lasted 00:49:58 (10622 turns).

croobank the Chopper (Pale Draconian Transmuter)   Turns: 10622, Time: 00:49:58

Health: -7/126     AC:  9    Str: 17    XL:     10   Next: 10%
Magic:  16/18      EV: 15    Int: 14    God:    Vehumet [****..]
Gold:   499        SH:  0    Dex: 17    Spells: 11/20 levels left

rFire   + . .      SeeInvis .   a - +3 war axe (vorpal)
rCold   . . .      Faith    .   (no shield)
rNeg    . . .      Spirit   .   (armour unavailable)
rPois   .          Reflect  .   (helmet restricted)
rElec   .          Harm     .   f - +0 cloak
rCorr   +          Rampage  .   s - +0 pair of gloves
Will    .....                   (no boots)
Stlth   ..........              (no amulet)
HPRegen 0.31/turn               o - +4 ring of slaying
MPRegen 0.16/turn               j - ring "Xaeru" {rF+ rCorr Dex+6 Stlth+}

@: berserking, wereblooded, very quick
A: breathe steam, AC +7, unfitting armour, cold-blooded, steam resistance
a: Breathe Steam, Renounce Religion


You were in a bailey.
You worshipped Vehumet.
Vehumet was greatly pleased with you.
You visited 2 branches of the dungeon, and saw 11 of its levels.
You also visited: Ossuary and Bailey.

You collected 499 gold pieces.

Inventory:

Hand Weapons
 a - a +3 vorpal war axe (weapon)
 b - a +0 hunting sling
 g - a +2 antimagic short sword
 p - a +0 dagger of venom
 q - a +3 vampiric dagger
 r - a +2 quarterstaff of chaos
 u - a +0 short sword
 w - a +3 dagger
 z - a +4 whip
 J - a +2 flail of protection
 M - a +4 hand axe
 S - a +0 battleaxe
Missiles
 h - 45 sling bullets
 k - 2 javelins
 m - 31 poisoned darts
 n - 121 arrows
 G - 14 boomerangs
 I - a throwing net
 K - 158 stones
 O - a curare-tipped dart
 P - 18 bolts
Armour
 f - a +0 cloak (worn)
 s - a +0 pair of gloves (worn)
 H - a +0 buckler
Magical Staves
 d - a staff of earth
 i - a staff of cold
Jewellery
 j - the ring "Xaeru" (right hand) {rF+ rCorr Dex+6 Stlth+}
   (You acquired it on level 5 of the Dungeon)

   [ring of dexterity]

   Dex:       It affects your dexterity (+6).
   rF:        It protects you from fire.
   rCorr:     It protects you from acid and corrosion.
   Stlth:     It makes you more stealthy.
 o - a +4 ring of slaying (left hand)
 y - a ring of ice
 D - a ring of resist corrosion
Wands
 l - a wand of flame (31)
 v - a wand of iceblast (11)
 C - a wand of mindburst (23)
Scrolls
 t - 2 scrolls of blinking
 L - a scroll of enchant armour
 N - 2 scrolls of magic mapping {unknown}
 R - a scroll of immolation {unknown}
 T - a scroll of fear
Potions
 c - a potion of cancellation
 e - 4 potions of curing
 x - a potion of magic
 A - a potion of haste
 E - a potion of flight
 F - 3 potions of lignification
 Q - a potion of might
 U - a potion of resistance {unknown}


   Skills:
 - Level 6.5 Fighting
 - Level 7.3 Axes
 - Level 5.6 Dodging
 - Level 4.1 Unarmed Combat
 - Level 5.8 Spellcasting
 + Level 1.7 Conjurations
 + Level 1.5 Hexes
 - Level 6.3 Transmutations


You had 11 spell levels left.
You knew the following spells:

 Your Spells              Type           Power      Damage    Failure   Level
a - Beastly Appendage     Tmut           42%        N/A       1%          1
b - Slow                  Hex            32%        N/A       9%          1
c - Wereblood             Tmut           21%        N/A       1%          2
d - Freeze                Ice            16%        1d4       4%          1
e - Fulminant Prism       Conj/Hex       4%         3d6       21%         4

Your spell library contained the following spells:

 Spells                   Type           Power      Damage    Failure   Level
 Flame Wave               Conj/Fire      6%         2d4       28%         4
 Static Discharge         Conj/Air       6%         N/A       4%          2
 Passwall                 Tmut/Erth      10%        N/A       7%          2
 Spider Form              Tmut/Pois      12%        N/A       13%         3
 Confusing Touch          Hex            8%         N/A       26%         3
 Ice Form                 Ice/Tmut       12%        N/A       41%         4
 Swiftness                Air            4%         N/A       43%         3
 Vampiric Draining        Necr           4%         2d6       43%         3
 Lightning Bolt           Conj/Air       3%         1d14      58%         5
 Maxwell's Capacitive Co  Air            2%         ∞         100%        8


Dungeon Overview and Level Annotations

Branches:
Dungeon (10/15)            Temple (1/1) D:4         Ossuary (visited)
 Bailey (1/1)
   Lair: D:8-11         Orc: D:9-12

Altars:
Ashenzari
Cheibriados
Dithmenos
Elyvilon
Fedhas
Gozag
Kikubaaqudgha
Qazlal
Ru
Sif Muna
Trog
Uskayaw
Vehumet
Wu Jian
Xom
Yredelemnul
Zin
The Shining One

Shops:
D:2 (   D:4 [

Annotations:
D:7 2 transporters, Clumpoid's ghost, novice TrMo Bailey 3 runed translucent doors


Innate Abilities, Weirdness & Mutations

You can breathe blasts of scalding, opaque steam.
Your pale cyan-grey scales are hard. (AC +7)
You cannot fit into any form of body armour.
You are cold-blooded and may be slowed by cold attacks.
You are immune to the effects of steam.


Message History

Aim: an orc knight, wielding a +0 broad axe and wearing a +0 scale mail (heavily wounded)
You freeze the orc knight.
The orc knight is heavily wounded.
The orc knight closely misses you.
Casting: Freeze (safe; 4% risk of failure)
Confirm with . or Enter, or press ? or * to list all spells.
Aiming: Slow (safe; 9% risk of failure)
Press: ? - help, Shift-Dir - straight line, f/p - orc knight
Aim: an orc knight, wielding a +0 broad axe and wearing a +0 scale mail (heavily wounded, chance to affect: 28%)
Okay, then.
Casting: Slow (safe; 9% risk of failure)
Confirm with . or Enter, or press ? or * to list all spells.
Your blood is infused with primal strength.
The orc knight hits you with a +0 broad axe.
You closely miss the orc knight.
Your tail-slap misses the orc knight.
The orc knight is heavily wounded.
The orc knight hits you with a +0 broad axe.
* * * LOW HITPOINT WARNING * * *
You slash the orc knight!
The orc knight is severely wounded.
The orc knight hits you with a +0 broad axe!
* * * LOW HITPOINT WARNING * * *
You hit the orc knight but do no damage.
Your tail-slap misses the orc knight.
The orc knight is severely wounded.
The orc knight closely misses you.
Press: ? - help, v - describe, . - travel
Here: an orc knight, wielding a +0 broad axe and wearing a +0 scale mail (severely wounded)
The floor, spattered with blood.
Unknown command.
A red film seems to cover your vision as you go berserk!
You feel yourself moving faster!
You feel mighty! The orc knight misses you.
You slash the orc knight!
The orc knight is almost dead.
The orc knight hits you with a +0 broad axe!
* * * LOW HITPOINT WARNING * * *
You barely miss the orc knight.
Your tail-slap misses the orc knight.
The orc knight is almost dead.
The orc knight hits you with a +0 broad axe!
You die...

##?.8..8...#
#?......... #$........
#...8.... ..
#......####≈≈ ≈≈ #.
#.....#≈≈#≈. .=≈#.
#)o..#≈.... ..!≈#.
#.@.##≈8.8.. 8.8##.
#...+o≈..... ...#..
#...+≈≈....∩ ...#..
#...+≈≈..... ..o#..
#...##≈8.8.. .8##.
##....#≈..... .?≈#.
##.....#≈≈#≈. #.
##......#### ≈ ##.
#...8...)..#########..


You could see an orc warlord and an orc knight.

Vanquished Creatures
  A manticore (D:8)
  Joseph (D:7)
  A wyvern (D:4)
  4 orc warriors (Bailey)
  3 black bears (D:6)
  2 ogres
  A sky beast (D:6)
  5 necrophages
  A phantom (D:6)
  A centaur (D:8)
  An elf zombie (Ossuary)
  3 kobold brigands
  Blork the orc (D:4)
  2 gnoll sergeants
  A wyvern zombie (D:6)
  A water moccasin zombie (D:6)
  A scorpion (D:4)
  A water moccasin skeleton (D:5)
  3 killer bees (D:8)
  2 howler monkeys
  A bullfrog zombie (D:5)
  4 centaur zombies
  2 hounds
  2 centaur skeletons
  Crazy Yiuf (D:4)
  Ijyb (D:4)
  A bullfrog skeleton (D:6)
  4 gnoll shamans
  An iguana (D:5)
  An orc wizard (D:4)
  A scorpion zombie (D:5)
  A killer bee zombie (D:8)
  A hound zombie (Ossuary)
  3 mummies (Ossuary)
  22 gnolls
  A howler monkey skeleton (D:4)
  4 adders
  3 white imps
  5 adder zombies
  An adder skeleton (D:4)
  3 dart slugs
  17 orcs
  5 bats
  7 endoplasms
  5 giant cockroaches
  A gnoll zombie (Ossuary)
  15 goblins
  9 hobgoblins
  3 jackals (D:2)
  29 kobolds
  A quokka (D:3)
  7 ball pythons
  A frilled lizard (D:1)
  6 goblin zombies (Ossuary)
  A hobgoblin zombie (Ossuary)
  2 jackal zombies (Ossuary)
  5 kobold zombies (Ossuary)
  5 orc zombies (Ossuary)
  2 quokka zombies (Ossuary)
  3 rats (D:3)
  3 rat zombies (Ossuary)
  A spectral orc (D:6)
  A bush (D:4)
228 creatures vanquished.

Vanquished Creatures (collateral kills)
  An adder (D:2)
1 creature vanquished.

Vanquished Creatures (others)
  5 plants
5 creatures vanquished.

Grand Total: 234 creatures vanquished

Notes
Turn   | Place    | Note
-------+----------+-------------------------------------------
     0 | D:1      | croobank the Draconian Transmuter began the quest for the
                  | Orb.
     0 | D:1      | Reached XP level 1. HP: 16/16 MP: 3/3
     6 | D:1      | Noticed a scorpion
     6 | D:1      | Noticed a water moccasin
     6 | D:1      | Noticed a hound
     7 | D:1      | Noticed a snapping turtle
     7 | D:1      | Noticed a four-headed hydra
   354 | D:1      | Reached XP level 2. HP: 22/23 MP: 5/5
   477 | D:1      | Learned a level 1 spell: Slow
   480 | D:1      | Learned a level 2 spell: Wereblood
   681 | D:2      | Found a faded altar of an unknown god.
   807 | D:2      | Reached XP level 3. HP: 26/29 MP: 6/6
   864 | D:2      | Found a glowing silver altar of Zin.
   898 | D:2      | You fall into a shaft and drop 2 floors!
  1391 | D:2      | Found Sedghuluo's Antique Weapon Emporium.
  1448 | D:2      | Reached XP level 4. HP: 36/36 MP: 2/7
  2319 | D:3      | Found a shadowy altar of Dithmenos.
  2555 | D:4      | Noticed an ogre
  2564 | D:4      | Killed an ogre
  2565 | D:4      | Reached XP level 5. HP: 35/42 MP: 1/9
  2568 | D:4      | Found a blossoming altar of Fedhas.
  2571 | D:4      | Found a stormy altar of Qazlal.
  2653 | D:4      | Noticed a necrophage
  2662 | D:4      | Killed a necrophage
  2663 | D:4      | Reached XP level 6. HP: 46/51 MP: 7/10
  2680 | D:4      | Found a staircase to the Ecumenical Temple.
  2684 | D:4      | Noticed Blork the orc
  2686 | Temple   | Entered the Ecumenical Temple
  2819 | Temple   | Became a worshipper of Vehumet
  2839 | D:4      | Killed Blork the orc
  2983 | D:4      | Noticed Ijyb
  2983 | D:4      | Noticed a wyvern
  2991 | D:4      | Killed a wyvern
  2992 | D:4      | Reached skill level 1 in Axes
  2992 | D:4      | Your scales start taking on a pale cyan-grey colour.
  2992 | D:4      | Reached XP level 7. HP: 37/57 MP: 10/12
  2992 | D:4      | Gained mutation: You are immune to the effects of steam.
                  | [Pale Draconian growth]
  3000 | D:4      | Killed Ijyb
  3001 | D:4      | Reached skill level 2 in Axes
  3142 | D:4      | Found Nenwi's Armour Emporium.
  3256 | D:4      | Found a runed translucent door.
  3257 | D:4      | Noticed Crazy Yiuf
  3264 | D:4      | Killed Crazy Yiuf
  3640 | D:4      | Reached * piety under Vehumet
  3640 | D:4      | Offered knowledge of Freeze by Vehumet.
  3643 | D:4      | Learned a level 1 spell: Freeze
  3959 | D:5      | Entered Level 5 of the Dungeon
  3960 | D:5      | Identified a scroll of acquirement
  3960 | D:5      | Acquired the ring "Xaeru" {rF+ rCorr Dex+6 Stlth+}
  4076 | D:5      | Found a broken altar of Ashenzari.
  4196 | D:5      | Found a sand-covered staircase.
  4205 | Ossuary  | Entered an ossuary
  4391 | Ossuary  | Reached skill level 3 in Axes
  4512 | Ossuary  | Offered knowledge of Foxfire by Vehumet.
  4512 | Ossuary  | Reached ** piety under Vehumet
  4649 | D:5      | Reached XP level 8. HP: 51/67 MP: 14/14
  5231 | D:5      | Reached skill level 4 in Axes
  5908 | D:6      | Reached skill level 5 in Fighting
  5908 | D:6      | Reached skill level 5 in Transmutations
  5915 | D:6      | Offered knowledge of Dazzling Flash by Vehumet.
  6117 | D:6      | Reached skill level 5 in Axes
  6226 | D:6      | Found a white marble altar of Elyvilon.
  7015 | D:6      | Found an opulent altar of Gozag.
  7134 | D:6      | Reached XP level 9. HP: 58/74 MP: 16/16
  7145 | D:6      | Reached skill level 5 in Spellcasting
  7345 | D:6      | Reached *** piety under Vehumet
  7675 | D:6      | Found a basalt altar of Yredelemnul.
  7982 | D:7      | Reached skill level 6 in Axes
  7982 | D:7      | Reached skill level 5 in Dodging
  8086 | D:7      | Found a bloodstained altar of Trog.
  8128 | D:7      | Found a transporter.
  8129 | D:7      | Noticed Clumpoid's ghost (novice TrMo)
  8149 | D:7      | Found a transporter.
  8156 | D:7      | Noticed Joseph
  8167 | D:7      | Killed Joseph
  8897 | D:7      | Found an ornate altar of the Wu Jian Council.
  9206 | D:8      | Offered knowledge of Fulminant Prism by Vehumet.
  9212 | D:8      | Learned a level 4 spell: Fulminant Prism
  9696 | D:8      | Reached skill level 7 in Axes
  9918 | D:8      | Noticed a manticore
  9928 | D:8      | Killed a manticore
  9929 | D:8      | Reached XP level 10. HP: 60/84 MP: 18/18
 10184 | D:10     | Entered Level 10 of the Dungeon
 10207 | D:10     | Found a flagged portal.
 10227 | Bailey   | Entered a bailey
 10242 | Bailey   | Reached **** piety under Vehumet
 10244 | Bailey   | Noticed an orc warlord
 10278 | Bailey   | Reached skill level 1 in Conjurations
 10278 | Bailey   | Reached skill level 1 in Hexes
 10284 | Bailey   | Offered knowledge of Flame Wave by Vehumet.
 10573 | Bailey   | Found a runed translucent gate.
 10575 | Bailey   | Found a runed translucent gate.
 10600 | Bailey   | Found a runed translucent gate.
 10604 | Bailey   | Noticed an orc knight
 10621 | Bailey   | HP: 3/126 [orc knight (8)]
 10622 | Bailey   | Mangled by an orc knight

Illustrated notes

Levels and vault maps discovered:
D:1:      onia_arrival_zoo_common, layout_basic
D:2:      layout_loops_cross, nicolae_ecumenical_pavilion, basic_altar,
          serial_shops, nicolae_lakefront_shop
D:3:      layout_basic, nicolae_overflow_hidden_temple
D:4:      layout_basic, grunt_temple_overflow_forces_of_nature,
          minmay_temple_entry_gardened_gates, serial_shops,
          nicolae_stop_n_shop_1, uniq_ijyb, uniq_crazy_yiuf_cottage,
          uniq_blork_the_orc
D:5:      layout_layer_cave, evilmike_ruin_ashenzari,
          nicolae_ossuary_entry_monument
D:6:      layout_basic, nicolae_elyvilon_temple_path,
          yredelemnul_forgotten_temple_becter, grunt_gozag_breadcrumbs
D:7:      layout_cave_pods, nicolae_wu_jian_immortal_techniques,
          trog_three_pillars_becter, gammafunk_ghost_stat_death, uniq_joseph
D:8:      layout_basic, worldfamousw_hep_ancestral_shrine
D:9:      layout_gridville, lemuel_crystal_altar
D:10:     layout_long_grid, nemelex_xobeh_ov_fountains_minmay,
          lightli_temple_of_fire, dpeg_lair_monsters, enter_bailey_3
Temple:   nicolae_temple_figure_zero
Bailey:   bailey_axe_bossmonster_kennysheep, bailey

Skill      XL: |  1  2  3  4  5  6  7  8  9 10 |
---------------+-------------------------------+-----
Dodging        | 2 3 4 5 |  5.6
Fighting       | 2 3 4 5 6 |  6.5
Transmutations | 3 4 5 6 |  6.3
Unarmed Combat | 4 |  4.1
Spellcasting   | 3 4 5 |  5.8
Axes           | 1 3 5 7 |  7.3
Conjurations   | 1 |  1.7
Hexes          | 1 |  1.5

Action                   |  1- 3 |  4- 6 |  7- 9 | 10-12 || total
-------------------------+-------+-------+-------+-------++-------
Melee: Unarmed           |    88 |       |       |       ||    88
       Tailslap          |    14 |     3 |    69 |     6 ||    92
       Kick              |    10 |     9 |     5 |     2 ||    26
       Headbutt          |     3 |     7 |     3 |     1 ||    14
       Punch             |     3 |     2 |    13 |     3 ||    21
       Short sword       |    42 |    42 |       |       ||    84
       War axe           |       |     9 |   371 |    48 ||   428
       Whip              |       |       |    17 |       ||    17
 Cast: Beastly Appendage |    12 |    11 |     4 |     1 ||    28
       Wereblood         |     3 |     4 |     1 |     1 ||     9
       Slow              |     1 |     3 |       |       ||     4
       Freeze            |       |       |       |     1 ||     1
 Abil: Breathe Steam     |       |       |     2 |       ||     2
Evoke: Wand              |       |     4 |     1 |       ||     5
  Use: Scroll            |     2 |       |    18 |     3 ||    23
       Potion            |       |       |     3 |     1 ||     4
 Stab: Sleeping          |       |       |     8 |       ||     8
       Distracted        |       |       |       |     1 ||     1
Armor: Skin              |    63 |    16 |   163 |    10 ||   252
Dodge: Dodged            |    98 |    38 |   274 |    27 ||   437

Table legend: (Time is in decaauts)
 A = Elapsed time spent in this place.
 B = Non-inter-level travel time spent in this place.
 C = Inter-level travel time spent in this place.
 D = Time resting spent in this place.
 E = Time spent auto-exploring this place.
 F = Levels seen in this place.
 G = Mean time per level.
                   A        B        C        D        E       F      G
               +--------+--------+--------+--------+--------+-----+--------+
         Total |  10741 |  10442 |    299 |   2387 |   5294 |  13 |  826.2 |
       Dungeon |   9729 |   9461 |    268 |   2187 |   4934 |  10 |  972.9 |
        Temple |    145 |    114 |     31 |      0 |    113 |   1 |  145.0 |
       Ossuary |    463 |    463 |      0 |      0 |    218 |   1 |  463.0 |
        Bailey |    402 |    402 |      0 |    200 |     29 |   1 |  402.0 |
               +--------+--------+--------+--------+--------+-----+--------+

Top non-repeatable levels by time:
     D:6: 2000 daAuts
     D:5: 1606 daAuts
     D:4: 1422 daAuts
     D:7: 1219 daAuts
     D:3: 950 daAuts
     D:8: 921 daAuts
     D:2: 795 daAuts
     D:1: 679 daAuts
 Ossuary: 463 daAuts
  Bailey: 402 daAuts
  Temple: 145 daAuts
     D:9: 88 daAuts
    D:10: 44 daAuts
